 Dungeon Crawl Stone Soup version 0.31-a0-1338-gb567cfdca4 (webtiles) character file.

Game seed: 14758567821905135370

108 grandjackal the Trooper (level 4, -9/48 HPs)
             Began as an Oni Gladiator on Dec 21, 2023.
             Mangled by an ogre
             ... wielding a +0 giant club
              (36 damage)
             ... on level 4 of the Dungeon.
             The game lasted 00:02:49 (2485 turns).

grandjackal the Trooper (Oni Gladiator)             Turns: 2485, Time: 00:02:49

Health: -9/48      AC:  4    Str: 18    XL:     4   Next: 87%
Magic:  7/7        EV: 10    Int: 11    God:
Gold:   160        SH:  5    Dex: 10    Spells: 7/7 levels left

rFire   . . .        a - +0 war axe
rCold   . . .        (no shield)
rNeg    . . .        b - +0 robe
rPois   .            c - +0 hat
rElec   .            r - +0 cloak
rCorr   .            (gloves unavailable)
SInv    .            (boots unavailable)
Will    .....        q - amulet of reflection
Stlth   +            m - ring of flight
HPRegen 0.28/turn    (no ring)
MPRegen 0.10/turn

%: reflection
@: flying
A: drunken brawling, large, unfitting armour, horns 1, tough skin 1, double
potion healing
a: no special abilities


You were on level 4 of the Dungeon.
You visited 1 branch of the dungeon, and saw 4 of its levels.

You collected 160 gold pieces.

Inventory:

Hand Weapons
 a - a +0 war axe (weapon)
Missiles
 d - 3 throwing nets (quivered)
 e - a large rock
Armour
 b - a +0 robe (worn)
 c - a +0 hat (worn)
 r - a +0 cloak (worn)
Jewellery
 m - a ring of flight (left hand)
 q - an amulet of reflection (around neck)
Scrolls
 f - 3 scrolls of identify {unknown}
 k - a scroll of poison {unknown}
 o - a scroll of teleportation {unknown}
 s - 2 scrolls of enchant weapon {unknown}
Potions
 g - a potion of brilliance {unknown}
 h - a potion of cancellation {unknown}
 i - 2 potions of berserk rage {unknown}
 j - 2 potions of curing {unknown}
 l - a potion of attraction {unknown}
 n - a potion of haste {unknown}
 p - a potion of lignification {unknown}
 t - a potion of magic {unknown}


   Skills:
 + Level 3.9 Fighting
 + Level 3.7 Axes
 - Level 2.0 Throwing
 + Level 3.3 Dodging
 + Level 2.2 Spellcasting


You had 7 spell levels left.
You didn't know any spells.
Your spell library was empty.

Dungeon Overview and Level Annotations

Branches:
Dungeon (4/15)
 Temple: D:4-7

Altars:
Qazlal


Innate Abilities, Weirdness & Mutations

Whenever you drink a potion that restores your health or magic, you attack all enemies around you.
You are too large for most types of armour.
You have a pair of small horns on your head.
You have tough skin. (AC +1)
Whenever you drink a potion that restores your health or magic, it restores twice as much.


Message History

You shake off the liquid fire.
You now have 143 gold pieces (gained 12).
s - a scroll labelled CANEKU UXOCOH
Found 17 gold pieces.
You now have 160 gold pieces (gained 17).
You start resting.
You hear the slow hiss of a very distant avalanche of sand.
You start resting.
You hear the slow hiss of a very distant avalanche of sand.
t - a lumpy yellow potion A hound comes into view.
The hound moves out of view.
You slash the hound! Your headbutt misses the hound.
The hound is almost dead.
The hound bites you. x2
You hit the hound.
The hound is almost dead.
The hound bites you. x2; The hound closely misses you.
You hit the hound.
You kill the hound!
You see here a hound corpse.
You reach down and open the door.
There is an open door here.
Found a stone staircase leading up.
You hear the slow hiss of a very distant avalanche of sand.
As you open the door, it creaks loudly!
You hear a shout!
There is an open door here.
Found a scroll labelled CANEKU UXOCOH and a scroll labelled NUAPLO XAVIQY.
s - 2 scrolls labelled CANEKU UXOCOH (gained 1)
f - 3 scrolls labelled NUAPLO XAVIQY (gained 1)
An ogre comes into view. It is wielding a +0 giant club.
The ogre shouts!
You slash the ogre! You headbutt the ogre.
The ogre is severely wounded.
The ogre hits you with a +0 giant club!!
You hit the ogre but do no damage.
The ogre is severely wounded.
The ogre hits you with a +0 giant club!!!
Ouch! That really hurt!
You die...

###....... ...####.#
#######.##### #
#........#### ##
#.##.###.##.. .##
#....O.#.##.# ..##
#......#.##.### ##
...####......#.##.#.#...#.
...'...........O@.........
...####......#.##.........
..## #..##.##.####.##.###
.## #........# .# # ##
#........# .# #.###.##.#
.# #.# #.##.# .# #.#
..##.# .# #.###.#


You could see an ogre.

Vanquished Creatures
  A hound (D:4)
  A gnoll (D:1)
  An adder (D:3)
  A bombardier beetle (D:4)
  An orc (D:3)
  6 endoplasms
  6 giant cockroaches
  4 goblins
  2 hobgoblins (D:3)
  2 jackals (D:2)
  4 quokkas
  4 ball pythons
  6 bats
  5 frilled lizards
  6 kobolds
  4 rats
54 creatures vanquished.

Notes
Turn   | Place    | Note
-------+----------+-------------------------------------------
     0 | D:1      | grandjackal the Oni Gladiator began the quest for the Orb.
     0 | D:1      | Reached XP level 1. HP: 22/22 MP: 1/1
    84 | D:1      | Reached XP level 2. HP: 29/29 MP: 2/2
   156 | D:1      | Reached skill level 1 in Spellcasting
   329 | D:1      | Reached XP level 3. HP: 21/37 MP: 4/4
  1857 | D:3      | Found a stormy altar of Qazlal.
  1859 | D:3      | Noticed an air elemental
  1864 | D:3      | Noticed a water elemental
  1941 | D:3      | Reached XP level 4. HP: 45/45 MP: 6/6
  2231 | D:3      | Noticed an earth elemental
  2234 | D:3      | Noticed a fire elemental
  2475 | D:4      | Noticed an ogre
  2485 | D:4      | Mangled by an ogre

Illustrated notes

Levels and vault maps discovered:
D:1:      roderic_crossed_star, layout_basic, serial_forest,
          infiniplex_forest_straight_2, infiniplex_forest_straight_3,
          infiniplex_forest_lined_ring, infiniplex_forest_end_3,
          minmay_worlds_worst_comb
D:2:      layout_loops_corners
D:3:      minmay_evil_eye, layout_rooms, nicolae_qazlal_style_of_elements,
          st_stairs_2, minmay_between
D:4:      layout_loops_corners, nicolae_hepliaklqana_monster_ancestors,
          nicolae_ossuary_entry_catacombs, serial_library_hellmonk_long_bookcase

Skill      XL: |  1  2  3  4 |
---------------+-------------+-----
Fighting       | 3 |  3.9
Spellcasting   | 1 2 |  2.2
Dodging        | 3 |  3.3
Axes           | |  3.7
Throwing       | |  2.0

Action                     |  1- 3 |  4- 6 || total
---------------------------+-------+-------++-------
  Melee: War axe           |    99 |    40 ||   139
         Headbutt          |    12 |     3 ||    15
 Armour: Robe              |    65 |    28 ||    93
  Dodge: Dodged            |    62 |    15 ||    77
  Block: Other             |     2 |    10 ||    12

Table legend: (Time is in decaauts)
 A = Elapsed time spent in this place.
 B = Non-inter-level travel time spent in this place.
 C = Inter-level travel time spent in this place.
 D = Time resting spent in this place.
 E = Time spent auto-exploring this place.
 F = Levels seen in this place.
 G = Mean time per level.
                   A        B        C        D        E       F      G
               +--------+--------+--------+--------+--------+-----+--------+
         Total |   2529 |   2429 |    100 |    225 |   1742 |   4 |  632.2 |
       Dungeon |   2529 |   2429 |    100 |    225 |   1742 |   4 |  632.2 |
               +--------+--------+--------+--------+--------+-----+--------+

Top non-repeatable levels by time:
     D:1: 926 daAuts
     D:2: 827 daAuts
     D:3: 592 daAuts
     D:4: 184 daAuts
